 Dungeon Crawl Stone Soup version 0.17-a0-966-ge314e46 (webtiles) character file.

19 Sixotanaka the Scratcher (level 2, 0/12 HPs)
             Began as a Felid Transmuter on May 8, 2015.
             Slain by a jackal (2 damage)
             ... on level 2 of the Dungeon.
             The game lasted 00:04:19 (1264 turns).

Sixotanaka the Scratcher (Felid Transmuter)         Turns: 1264, Time: 00:04:19

Health: 0/12       AC:  1    Str:  6    XL:     2   Next: 55%
Magic:  6/6        EV: 18    Int: 14    God:
Gold:   71         SH:  0    Dex: 16    Spells: 1 memorised, 4 levels left
                                        Lives:  0   Deaths: 0

rFire  . . .     SeeInvis +       - Unarmed
rCold  . . .     Clarity  .     (armour unavailable)
rNeg   . . .     SustAb   .     (shield unavailable)
rPois  .         Gourm    .     (helmet unavailable)
rElec  .         Spirit   .     (cloak unavailable)
rCorr  .         Warding  .     (gloves unavailable)
rMut   .         Stasis   .     (boots unavailable)
MR     .....                    (no amulet)
Stlth  ++........               (no ring)
                                (no ring)

@: appendage (expiring), quick, not resistant to hostile enchantments,
unstealthy
A: no armour, no weapons or thrown items, claws 1, fangs 3, horns 2, see
invisible, carnivore 3, speed 1, shaggy fur 1, slow metabolism 1, sharp paws
a: End Transformation


You were on level 2 of the Dungeon.
You were completely stuffed.
You had grown temporary horns.
You visited 1 branch of the dungeon, and saw 2 of its levels.

You collected 71 gold pieces.


Innate Abilities, Weirdness & Mutations

You cannot wear armour.
You are incapable of wielding weapons or throwing items.
You have sharp claws.
You have razor-sharp teeth.
You have supernaturally acute eyesight.
You are carnivorous and can eat meat at any time.
You cover ground quickly.
You are covered in fur (AC +1).
You have a slow metabolism.
Your sharp claws are effective at attacking unaware monsters.
You have a pair of horns on your head.


   Skills:
 - Level 1.0 Fighting
 - Level 2.6 Dodging
 + Level 1.1 Stealth
 * Level 3.8 Unarmed Combat
 - Level 2.0 Spellcasting
 - Level 2.1 Transmutations


You had 4 spell levels left.
You knew the following spells:

 Your Spells              Type           Power        Failure   Level  Hunger
z - Beastly Appendage     Trmt           #.....       12%         1    ##.....


Dungeon Overview and Level Annotations

Branches:
Dungeon (2/15)

Altars:

Annotations:
D:2 exclusion: upstairs

Inventory:

Missiles
 a - 12 arrows
Scrolls
 e - 3 scrolls of identify {unknown}
 g - a scroll of remove curse {unknown}
 h - a scroll of immolation {unknown}
Potions
 d - a potion of brilliance {unknown}
 f - a potion of curing {unknown}
 i - a potion of mutation {unknown}
Books
 b - a book of Changes
Comestibles
 c - 2 meat rations
 j - a royal jelly

#.#..#h# ...## #......##
#...## #.......# #....
#.....#.# #...# #.....#.#
#...# ......##.#### #...#
.##.##....<..###...####.#
#. #.##......hhh....... .
#. #.......@b.......
##...............
###.#.#....#####
..........# ########...#
#...# #...# J..#


You could see an ooze (sleeping), 3 jackals and a bat.


Message History

* * * LOW HITPOINT WARNING * * *
You barely miss the giant newt. Your headbutt misses the giant newt.
The giant newt completely misses you.
You scratch the giant newt.
You kill the giant newt!
You start resting.
Eating a chunk of flesh.
This raw flesh tastes great.
You continue eating. x2
Your transformation is almost over.
You start resting.
You start resting.
Your horns disappear.
You start resting.
Found a scroll labeled MIFEASS WEJ FULODGH.
g - a scroll labeled MIFEASS WEJ FULODGH You open the door.
There is an open door here.
There is an open door here.
You open the door.
There is an open door here.
You open the door.
There is an open door here.
The gnoll is too close now for your liking.
There is a stone staircase leading down here.
A gnoll is nearby!
The gnoll shouts!
You climb downwards.
Found 14 gold pieces.
There is a stone staircase leading up here.
A giant cockroach comes into view.
A giant cockroach is nearby!
A giant cockroach is nearby!
A giant cockroach is nearby!
The giant cockroach waves its antennae.
You claw the giant cockroach!
You kill the giant cockroach!
Your Stealth skill increases to level 1!
No target in view!
You now have 71 gold pieces (gained 14).
Found a lumpy brown potion. 2 jackals come into view.
There are monsters nearby!
A jackal comes into view.
A jackal comes into view.
The jackal barks!
The jackal barks!
The jackal barks!
There is a stone staircase leading up here.
You start waiting.
Casting: Beastly Appendage You grow a pair of large bovine horns.
The jackal closely misses you.
You closely miss the jackal. The jackal bites you. The jackal misses you.
You closely miss the jackal. The jackal barely misses you.
You completely miss the jackal. The jackal closely misses you.
You closely miss the jackal.
Your transformation is almost over.
The jackal bites you. The jackal barely misses you.
You closely miss the jackal. The jackal misses you.
The jackal barks!
You scratch the jackal but do no damage.
The jackal misses you. The jackal closely misses you.
A bat comes into view.
You barely miss the jackal. Your bite misses the jackal.
The jackal closely misses you. The jackal bites you. The jackal bites you.
* * * LOW HITPOINT WARNING * * *
The jackal barely misses you. The jackal bites you.
* * * LOW HITPOINT WARNING * * *
An ooze comes into view.
The jackal bites you.
You die...

Action                   || total
-------------------------++-------
Melee: Unarmed           ||    48
 Cast: Beastly Appendage ||     9
 Stab: Sleeping          ||     2
  Eat: Chunk             ||     8

Vault maps used:
D:1:      lemuel_arrival_river_ford
D:2:      grunt_temple_overflow_open, serial_bayou_pond_d,
          fedhas_altar_fruit_tree

Notes
Turn   | Place    | Note
--------------------------------------------------------------
     0 | D:1      | Sixotanaka, the Felid Transmuter, began the quest for the Orb.
     0 | D:1      | Reached XP level 1. HP: 9/9 MP: 4/4
   631 | D:1      | Reached XP level 2. HP: 12/12 MP: 4/6
  1230 | D:2      | Reached skill level 1 in Stealth
  1262 | D:2      | HP: 2/12 [jackal (3)]
  1264 | D:2      | Slain by a jackal

Vanquished Creatures
  A giant gecko (D:1)
  A ball python (D:1)
  3 bats (D:1)
  A giant cockroach (D:2)
  A goblin (D:1)
  4 hobgoblins (D:1)
  2 giant newts (D:1)
  A kobold (D:1)
  3 rats (D:1)
17 creatures vanquished.
